 Dungeon Crawl Stone Soup version 0.21-a0-143-g1ab7d47 (webtiles) character file.

16513 Leszczynek the Grappler (level 12, -4/119 HPs)
             Began as a Troll Skald on July 25, 2017.
             Was a Priest of Nemelex Xobeh.
             Slain by a meliai
             ... wielding a cursed +0 hand axe
              (5 damage)
             ... on level 14 of the Dungeon.
             The game lasted 00:32:46 (5756 turns).

Leszczynek the Grappler (Troll Skald)               Turns: 5756, Time: 00:32:47

Health: -4/119     AC:  8    Str: 22    XL:     12   Next: 10%
Magic:  26/26      EV: 11    Int: 11    God:    Nemelex Xobeh [***...]
Gold:   418        SH: 10    Dex: 11    Spells: 8/13 levels left

rFire    . . .     SeeInvis .     - Unarmed
rCold    . . .     Gourm    +   D - +0 shield
rNeg     . . .     Faith    .   R - +0 troll leather armour
rPois    .         Spirit   .   (helmet restricted)
rElec    .         Reflect  .   r - +0 cloak
rCorr    .         Harm     .   (gloves unavailable)
MR       .....                  (boots unavailable)
Stlth    +.........             j - amulet of regeneration
HPRegen  1.49/turn              (no ring)
MPRegen  0.20/turn              J - ring of magical power

@: lethally poisoned (-4 -> -12), about to teleport
A: unfitting armour, claws 3, fast metabolism 3, gourmand, regeneration 1,
shaggy fur 1, tough skin 2
a: Triple Draw, Renounce Religion


You were on level 14 of the Dungeon.
You worshipped Nemelex Xobeh.
Nemelex Xobeh was most pleased with you.
You were not hungry.

You visited 1 branch of the dungeon, and saw 14 of its levels.

You collected 418 gold pieces.

Inventory:

Hand Weapons
 A - a +2 blowgun
Missiles
 m - a throwing net
 u - 3 tomahawks of returning (quivered)
Armour
 r - a +0 cloak (worn)
 D - a +0 shield (worn)
 R - a +0 troll leather armour (worn)
Magical Staves
 B - an uncursed staff of wizardry
Jewellery
 j - an amulet of regeneration (around neck)
 y - an uncursed amulet of rage {unknown}
 I - an uncursed amulet of harm {unknown}
 J - a ring of magical power (right claw)
Wands
 C - a wand of iceblast (5/15)
 E - a wand of flame (31/48)
 F - a wand of disintegration (12/24)
 H - a wand of digging (7/24)
Scrolls
 c - a scroll of identify {@r1}
 f - a scroll of teleportation
 o - a scroll of amnesia
 s - a scroll of magic mapping
 w - 2 scrolls of recharging
 L - 3 scrolls of remove curse {@r2}
Potions
 e - a potion of berserk rage {!q}
 h - 2 potions of ambrosia
 p - a potion of heal wounds {unknown}
 t - a potion of might
 K - a potion of agility {unknown}
 O - 2 potions of flight {unknown}
 Q - 2 potions of curing {@q1}
Books
 b - a book of Battle

   Spells                             Type                      Level
   a - Infusion                       Charms                       1
   b - Shroud of Golubria             Charms/Translocation         2
   c - Song of Slaying                Charms                       2
   d - Spectral Weapon                Hexes/Charms                 3
   e - Regeneration                   Charms/Necromancy            3
Miscellaneous
 i - a plain deck of summoning {drawn: 2} {god gift}
 x - a plain deck of destruction {god gift}
 z - a plain deck of summoning {god gift}
 G - a plain deck of summoning {god gift}
 N - an ornate deck of summoning {god gift}
Comestibles
 a - 2 chunks of flesh
 d - 11 bread rations
 g - 7 fruits
 k - 14 royal jellies
 v - 3 meat rations


   Skills:
 - Level 8.0 Fighting
 - Level 5.0 Dodging
 + Level 7.4 Shields
 * Level 11.2 Unarmed Combat
 - Level 1.2 Spellcasting
 - Level 2.0 Charms
 + Level 8.2 Invocations


You had 8 spell levels left.
You knew the following spells:

 Your Spells              Type           Power        Failure   Level  Hunger
b - Shroud of Golubria    Chrm/Tloc      #.........   45%         2    ###....
q - Regeneration          Chrm/Necr      #.........   71%         3    ####...


Dungeon Overview and Level Annotations

Branches:
Dungeon (14/15)            Temple (0/1) D:5            Lair (0/6) D:11
    Orc (0/2) D:10
 Vaults: D:13-14

Altars:
Hepliaklqana
Nemelex Xobeh
Vehumet
Wu Jian
Xom
Zin
Jiyva

Portals:
Trove: D:13 (give 12 potions of heal wounds)

Annotations:
D:6 exclusion: oklob plant
D:14 vaults


Innate Abilities, Weirdness & Mutations

You are too large for most types of armour.
You have claws for hands.
Your metabolism is lightning-fast.
You like to eat raw meat.
Your natural rate of healing is unusually fast.
You are covered in fur. (AC +1)
You have very tough skin. (AC +2)


Message History

Okay, then.
Okay, then.
As you read the scroll of teleportation, it crumbles to dust.
You feel strangely unstable.
You feel sick. You block the meliai's attack. The meliai stings you.
* * * LOW HITPOINT WARNING * * *
You are more poisoned.
The meliai poisons you!
The meliai mumbles some strange prayers to its god against you.
Something smites you!
* * * LOW HITPOINT WARNING * * *
The meliai closely misses you. The meliai barely misses your wyvern.
The meliai stings you.
* * * LOW HITPOINT WARNING * * *
Your wyvern bites the meliai!
The wyvern completely misses you. The wyvern bites your wyvern.
The meliai hits you with a war axe!
* * * LOW HITPOINT WARNING * * *
The meliai closely misses you. The meliai hits you with a hand axe.
You die...
Your body disappears without a glow.

... #.. #.# #.# #.#
#.#################
########........ll........
...............§yy........
...............l@y.....###
...........##########..#
...........# .#
...........# #
...........##########. #
.........)............
########..............
#.............# #
#....)........# #.


You could see 2 wyverns, 3 meliai and a friendly wyvern.

Vanquished Creatures
  Erica (D:11)
  A centaur warrior (D:13)
  3 skeletal warriors (D:13)
  A centaur zombie (D:14)
  A komodo dragon (D:11)
  4 trolls
  A tengu conjurer (D:13)
  2 hornets
  The ghost of p0werm0de the Sneak, an amateur OpEn (D:5)
  A slime creature (D:11)
  2 hippogriffs (D:10)
  A shadow (D:14)
  24 yaks
  A hungry ghost (D:13)
  A basilisk (D:13)
  Menkaure (D:6)
  5 orc warriors
  A black bear (D:9)
  An ice beast (D:5)
  7 centaurs
  9 ogres
  An eye of draining (D:14)
  A crocodile (D:10)
  6 big kobolds
  7 bullfrogs
  5 gnoll sergeants (D:10)
  A wyvern zombie (D:10)
  2 scorpions
  8 killer bees (D:10)
  3 wights (D:14)
  2 crimson imps (D:11)
  A bullfrog zombie (D:6)
  8 orc priests
  13 jellies
  A bullfrog skeleton (D:7)
  4 hounds
  3 centaur skeletons
  A gnoll shaman (D:7)
  2 iguanas (D:10)
  5 worker ants
  5 orc wizards
  A hound zombie (D:5)
  A hound skeleton (D:4)
  10 gnolls
  7 adders
  2 shadow imps
  10 oozes
  A worm (D:3)
  A dart slug (D:4)
  5 leopard geckos
  32 orcs
  3 giant cockroaches
  4 goblins
  3 hobgoblins
  12 jackals
  2 quokkas
  5 bats
  A frilled lizard (D:5)
  A giant cockroach zombie (D:6)
  15 kobolds
  2 rats
266 creatures vanquished.

Vanquished Creatures (collateral kills)
  A hydra (D:11)
  A hornet (D:11)
  A wyvern (D:11)
  A soldier ant (D:11)
  An ice beast (D:11)
  An eye of draining (D:11)
  An ogre (D:11)
  2 centaurs (D:13)
  An orc (D:6)
10 creatures vanquished.

Vanquished Creatures (others)
  10 fungi (D:6)
  4 plants (D:11)
14 creatures vanquished.

Grand Total: 290 creatures vanquished

Notes
Turn   | Place    | Note
-------+----------+-------------------------------------------
     0 | D:1      | Leszczynek the Troll Skald began the quest for the Orb.
     0 | D:1      | Reached XP level 1. HP: 19/19 MP: 1/1
    80 | D:1      | Reached XP level 2. HP: 26/27 MP: 2/2
    87 | D:1      | Learned a level 2 spell: Shroud of Golubria
   133 | D:2      | Reached skill level 3 in Unarmed Combat
   232 | D:2      | Reached XP level 3. HP: 20/33 MP: 0/3
   299 | D:4      | Found a sparkling altar of Nemelex Xobeh.
   308 | D:4      | Reached skill level 4 in Unarmed Combat
   318 | D:4      | Became a worshipper of Nemelex Xobeh the Trickster
   340 | D:4      | Found an ornate altar of the Wu Jian Council.
   349 | D:5      | Entered Level 5 of the Dungeon
   349 | D:5      | Received a gift from Nemelex Xobeh
   363 | D:5      | Noticed a scorpion
   373 | D:5      | Killed a scorpion
   373 | D:5      | Reached XP level 4. HP: 36/41 MP: 1/4
   386 | D:5      | Noticed an ogre
   386 | D:5      | Noticed an ice beast
   412 | D:4      | Reached skill level 5 in Unarmed Combat
   412 | D:4      | Reached XP level 5. HP: 35/48 MP: 5/5
   422 | D:5      | Noticed p0werm0de's ghost (amateur OpEn)
   637 | D:4      | Reached * piety under Nemelex Xobeh
   650 | D:4      | Learned a level 3 spell: Regeneration
   888 | D:6      | Reached skill level 6 in Unarmed Combat
   971 | D:6      | Reached XP level 6. HP: 51/55 MP: 6/6
  1070 | D:5      | Reached skill level 7 in Unarmed Combat
  1181 | D:5      | Killed p0werm0de's ghost
  1181 | D:5      | Reached skill level 8 in Unarmed Combat
  1181 | D:5      | Reached XP level 7. HP: 54/62 MP: 7/7
  1208 | D:5      | Received a gift from Nemelex Xobeh
  1212 | D:5      | Found a staircase to the Ecumenical Temple.
  1230 | D:5      | Reached skill level 1 in Invocations
  1346 | D:6      | Noticed Menkaure
  1364 | D:6      | Killed Menkaure
  1364 | D:6      | Reached skill level 2 in Invocations
  1410 | D:6      | Reached skill level 3 in Invocations
  1453 | D:6      | Reached XP level 8. HP: 70/70 MP: 9/9
  1526 | D:6      | Noticed an oklob plant
  1556 | D:6      | Reached skill level 4 in Invocations
  1597 | D:7      | Reached skill level 9 in Unarmed Combat
  1709 | D:7      | Reached skill level 5 in Invocations
  1989 | D:7      | Reached ** piety under Nemelex Xobeh
  1989 | D:7      | Received a gift from Nemelex Xobeh
  1998 | D:6      | Reached skill level 6 in Invocations
  2051 | D:8      | Found a glowing silver altar of Zin.
  2056 | D:8      | Reached XP level 9. HP: 76/76 MP: 12/12
  2251 | D:9      | Found a shimmering altar of Xom.
  2252 | D:9      | Found a hazy altar of Hepliaklqana.
  2253 | D:9      | Noticed a spectral ugly thing
  2366 | D:10     | Entered Level 10 of the Dungeon
  2420 | D:10     | Reached skill level 10 in Unarmed Combat
  2462 | D:9      | Reached skill level 7 in Invocations
  2498 | D:9      | Found a radiant altar of Vehumet.
  2564 | D:10     | Reached skill level 2 in Dodging
  2580 | D:10     | Reached skill level 2 in Fighting
  2660 | D:9      | Reached skill level 8 in Invocations
  2841 | D:10     | Reached skill level 3 in Dodging
  2845 | D:10     | HP: 15/80 [killer bee (6)]
  2846 | D:10     | HP: 5/80 [killer bee (10)]
  2859 | D:10     | HP: 12/80 [killer bee (2)]
  2868 | D:10     | HP: 7/80 [killer bee (7)]
  2869 | D:10     | Reached skill level 3 in Fighting
  3166 | D:10     | Noticed a red devil
  3210 | D:9      | Received a gift from Nemelex Xobeh
  3251 | D:9      | Reached XP level 10. HP: 79/92 MP: 15/15
  3261 | D:9      | Reached skill level 4 in Dodging
  3263 | D:9      | Reached skill level 4 in Fighting
  3496 | D:8      | Reached skill level 5 in Dodging
  3597 | D:10     | Reached skill level 5 in Fighting
  3644 | D:10     | Found a staircase to the Orcish Mines.
  3876 | D:10     | Reached skill level 6 in Fighting
  4011 | D:10     | Reached skill level 1 in Shields
  4018 | D:10     | Reached skill level 11 in Unarmed Combat
  4038 | D:10     | Reached skill level 2 in Shields
  4092 | D:10     | Reached XP level 11. HP: 102/106 MP: 16/16
  4273 | D:11     | Received a gift from Nemelex Xobeh
  4284 | D:11     | Reached skill level 3 in Shields
  4485 | D:11     | Found a viscous altar of Jiyva.
  4491 | D:11     | Reached skill level 4 in Shields
  4558 | D:11     | Reached *** piety under Nemelex Xobeh
  4558 | D:11     | Noticed a seven-headed hydra
  4571 | D:11     | Killed a seven-headed hydra
  4571 | D:11     | Reached skill level 7 in Fighting
  4590 | D:11     | Noticed Erica
  4637 | D:11     | Killed Erica
  4772 | D:11     | Reached skill level 5 in Shields
  4820 | D:11     | Found a staircase to the Lair.
  5016 | D:13     | Noticed a centaur warrior
  5035 | D:13     | HP: 21/109 [centaur warrior (11)]
  5036 | D:13     | Killed a centaur warrior
  5041 | D:13     | Reached skill level 6 in Shields
  5042 | D:13     | HP: 11/109 [centaur[a centaur warrior] (5)]
  5082 | D:13     | Received a gift from Nemelex Xobeh
  5138 | D:13     | Found a portal to a secret trove of treasure.
  5142 | D:13     | trove: 12 !HW
  5142 | D:13     | (lol good luck with that)
  5313 | D:14     | Noticed a skeletal warrior
  5337 | D:13     | Killed a skeletal warrior
  5353 | D:14     | Noticed a skeletal warrior
  5419 | D:13     | Killed a skeletal warrior
  5419 | D:13     | Reached skill level 8 in Fighting
  5419 | D:13     | Reached skill level 7 in Shields
  5435 | D:14     | Noticed a skeletal warrior
  5504 | D:13     | Killed a skeletal warrior
  5547 | D:14     | Reached XP level 12. HP: 98/119 MP: 17/17
  5549 | D:14     | Noticed a vault guard
  5566 | D:14     | Noticed an ice dragon
  5574 | D:13     | a bit too much
  5756 | D:14     | HP: 15/119 [meliai/divine providence (12)]
  5756 | D:14     | HP: 1/119 [meliai/war axe (10)]
  5756 | D:14     | Slain by a meliai

Vault maps used:
D:1:      shiori_angband_town
D:2:      wad_lake_hut, tso_metal_star, gammafunk_temple_overflow_wave,
          fedhas_altar_4
D:3:      first_bread, uniq_terence
D:4:      kennysheep_little_box, nemelex_xobeh_ov_fountains_minmay,
          eino_small_chamber_without_monster
D:5:      nicolae_qazlal_eye_of_the_storm, cheibriados_altar_1,
          minmay_temple_entry_purple_smoke, grunt_ministairs_8
D:6:      lemuel_slime, uniq_prince_ribbit1, uniq_menkaure
D:8:      lemuel_round_altar
D:9:      regret_index_temple_of_mockery, lemuel_coloured_pillars_altar
D:10:     kennysheep_orc_monster_closet_entryway, uniq_erica
D:11:     david_lair_shrubbed, hangedman_little_slice_of_home, eino_curves_02
D:12:     kb_forest_paths
D:13:     enter_trove_3
D:14:     david_vaults_4, special_room, hangedman_abyss_or_decor_passed

Skill      XL: |  1  2  3  4  5  6  7  8  9 10 11 |
---------------+----------------------------------+-----
Unarmed Combat | 3 4 5 6 8 9 10 11 | 11.2
Invocations    | 3 6 8 |  8.2
Dodging        | 3 5 |  5.0
Fighting       | 3 6 8 |  8.0
Shields        | 2 7 |  7.4
Spellcasting   | |  1.2
Charms         | |  2.0

Action                   |  1- 3 |  4- 6 |  7- 9 | 10-12 || total
-------------------------+-------+-------+-------+-------++-------
Melee: Unarmed           |    72 |   111 |   284 |   534 ||  1001
       Punch             |     1 |     7 |    10 |    22 ||    40
Throw: Tomahawk          |       |       |     2 |     1 ||     3
 Cast: Shroud of Golubri |     2 |       |       |       ||     2
Evoke: Deck              |       |       |     3 |     6 ||     9
       Wand              |       |       |     2 |     5 ||     7
  Use: Scroll            |       |     5 |     4 |    10 ||    19
       Potion            |       |       |     5 |       ||     5
 Stab: Invisible         |       |       |     1 |       ||     1
  Eat: Chunk             |     7 |     9 |    20 |    27 ||    63
Armor: Robe              |    23 |    45 |    45 |    70 ||   183
       Troll leather arm |       |       |       |    12 ||    12
Dodge: Dodged            |    47 |    33 |   116 |   207 ||   403
Block: Shield            |       |       |       |    93 ||    93
